Map: Acropolis LE

Players

Neeblet (Neeb) - Winner!

  • Race: Protoss Protoss
  • League: Grandmaster
  • Spawn Location: 5:00

Namshar

  • Race: Zerg Zerg
  • League: Grandmaster
  • Spawn Location: 11:00

Event: 2019 Assembly Summer

VOD

Have the link to the VOD?

Description

Time

  • Played on: Aug. 1, 2019, 10:28 a.m.
  • Length: 7:01

All games in this series

Show
View Real Time Build Order
Export as new Build Order

Neeblet Protoss - Winner!

Build Orders: 1 Gate Expand 

Get SALT Encoding   

  12  0:00  Probe  
  13  0:12  Probe  
  14  0:20  Pylon  
  14  0:24  Probe  
  15  0:34  Probe  
  16  0:43  Probe  
  16  0:45  Gateway  
  17  0:51  Assimilator  
  17  0:52  Probe  
  18  1:04  Probe  
  19  1:16  Probe  
  20  1:32  Cybernetics Core  
  20  1:37  Nexus  
  20  1:39  Probe  
  21  1:46  Pylon  
  21  1:52  Probe  
  22  1:57  Assimilator  
  22  1:59  Adept  
  22  2:04  Probe  
  25  2:16  Probe  
  25  2:17  Robotics Facility  
  25  2:19  Adept  
  26  2:28  Probe  
  29  2:34  Warp Gate  
  29  2:39  Stalker  
  29  2:40  Probe  
  30  2:49  Probe  
  33  2:52  Probe  
  34  3:01  Probe  
  34  3:03  Warp Prism  
  34  3:04  Probe  
  38  3:09  Sentry  
  40  3:13  Probe  
  40  3:16  Probe  
  42  3:23  Pylon  
  42  3:25  Probe  
  43  3:27  Gateway  
  43  3:28  Probe  
  43  3:30  Immortal  
  44  3:37  Probe  
  44  3:40  Probe  
  50  3:50  Probe  
  50  3:53  Probe  
  52  3:56  Assimilator  
  52  3:57  Pylon  
  52  4:02  Probe  
  53  4:05  Immortal, Probe, Pylon  
  54  4:16  Phoenix  
  58  4:24  Probe  
  58  4:26  Sentry x2  
  58  4:28  Gateway  
  63  4:31  Gateway  
  63  4:32  Gateway  
  63  4:34  Gateway  
  63  4:43  Immortal  
  63  4:52  Gateway  
  67  4:53  Gateway  
  67  4:58  Sentry, Pylon  
  69  5:04  Pylon  
  69  5:06  Pylon  
  69  5:16  Sentry  
  71  5:25  Sentry x2  
  75  5:29  Observer  
  75  5:31  Zealot  
  75  5:32  Zealot x2  
  81  5:40  Pylon  
  81  5:42  Pylon  
  82  5:49  Zealot, Sentry  
  86  5:50  Zealot x3  
  86  5:53  Adept  
  88  6:20  Sentry x2  
  88  6:21  Zealot x6  
  88  6:24  Pylon  
  104  6:25  Pylon  
  104  6:27  Pylon  
  100  6:43  Zealot x3  
  100  6:44  Sentry x2  
  100  6:45  Zealot x2  
Show
View Real Time Build Order
Export as new Build Order

Namshar Zerg 

Build Orders: Hatch First 

Get SALT Encoding   

  12  0:00  Drone  
  13  0:12  Overlord  
  13  0:16  Drone  
  14  0:31  Drone x2  
  16  0:46  Drone x2  
  18  0:55  Hatchery  
  17  0:59  Drone  
  17  1:01  Extractor  
  17  1:12  Spawning Pool  
  17  1:16  Drone  
  17  1:19  Drone  
  18  1:29  Drone  
  19  1:46  Hatchery  
  19  1:47  Drone  
  19  1:51  Drone  
  20  1:59  Queen  
  22  2:08  Queen  
  22  2:15  Overlord  
  24  2:18  Drone  
  24  2:21  Drone  
  26  2:23  Zergling x2  
  26  2:26  Zergling x2  
  28  2:32  Metabolic Boost  
  28  2:36  Zergling x2  
  29  2:42  Queen  
  31  2:49  Overlord  
  31  2:50  Drone  
  32  2:53  Drone  
  33  2:59  Drone  
  33  3:02  Drone  
  35  3:05  Drone  
  35  3:09  Drone x3  
  39  3:14  Zergling x4  
  39  3:18  Drone x2  
  41  3:23  Overlord  
  41  3:29  Lair  
  41  3:33  Drone x2  
  43  3:34  Drone  
  43  3:36  Drone  
  43  3:40  Overlord  
  45  3:42  Drone  
  45  3:44  Drone  
  45  3:47  Drone x2  
  49  3:52  Drone x2  
  51  3:56  Roach Warren  
  51  3:58  Drone  
  51  4:02  Drone x3  
  54  4:07  Zergling x6  
  57  4:12  Zergling x4  
  57  4:15  Spore Crawler  
  56  4:17  Spore Crawler  
  56  4:18  Drone x3  
  56  4:22  Drone  
  59  4:27  Extractor  
  59  4:28  Drone, Extractor  
  59  4:29  Overlord x2, Extractor  
  57  4:42  Roach x4  
  57  4:44  Overlord x2  
  65  4:50  Spine Crawler  
  64  4:57  Overlord  
  64  4:58  Roach x4  
  72  5:05  Roach  
  72  5:06  Roach x2  
  78  5:12  Overlord  
  78  5:14  Ravager  
  78  5:21  Roach x3  
  84  5:26  Overlord  
  84  5:27  Overlord  
  84  5:29  Ravager, Zergling x4  
  84  5:32  Zergling x4  
  84  5:34  Ravager  
  90  5:42  Ravager  
  90  5:44  Zergling x14  
  90  5:48  Ravager  
  97  5:57  Overlord, Ravager  
  97  5:58  Overlord  
  97  5:59  Zergling x8  
  100  6:13  Roach, Zergling x12  
  100  6:16  Roach  
  91  6:21  Roach, Zergling x4  
  91  6:25  Ravager x3  
  98  6:28  Roach, Zergling x2  
  99  6:34  Roach, Zergling x4  
  91  6:41  Roach x2  
Tags
 
Add a new tag
Caveats
  • Supply blocks, unpowered buildings, or Contaminate may cause inaccurate times.
  • Supply counts are checked every 10 seconds.